 Dungeon Crawl Stone Soup version 0.31-a0-358-gac0dbeb3ab (webtiles) character file.

Game seed: 12172686124957769375

249 bobarctor the Grave Robber (level 5, -4/35 HPs)
             Began as a Demonspawn Necromancer on July 25, 2023.
             Slain by an orc warrior
             ... wielding a +0 broad axe
              (11 damage)
             ... on level 4 of the Dungeon.
             The game lasted 00:11:18 (2679 turns).

bobarctor the Grave Robber (Demonspawn Necromancer) Turns: 2679, Time: 00:11:18

Health: -4/35      AC:  2    Str:  8    XL:     5   Next: 87%
Magic:  11/11      EV: 12    Int: 19    God:
Gold:   122        SH:  0    Dex: 13    Spells: 7/12 levels left

rFire   + . .        w - +2 whip (venom)
rCold   . . .        (no shield)
rNeg    . . .        a - +0 robe
rPois   .            (no helmet)
rElec   .            (no cloak)
rCorr   +            (no gloves)
SInv    .            (no boots)
Will    .....        (no amulet)
Stlth   +            d - ring of resist corrosion
HPRegen 0.25/turn    h - ring of protection from fire
MPRegen 0.12/turn

%: no passive effects
@: confused
A: demonic magic 1
a: no special abilities


You were on level 4 of the Dungeon.
You visited 1 branch of the dungeon, and saw 4 of its levels.

You collected 122 gold pieces.

Inventory:

Hand Weapons
 e - a +4 hand axe
 w - a +2 whip of venom (weapon)
Missiles
 t - 6 curare-tipped darts
 u - 4 poisoned darts
Armour
 a - a +0 robe (worn)
Magical Staves
 l - a staff of air
Jewellery
 d - a ring of resist corrosion (left hand)
 h - a ring of protection from fire (right hand)
Scrolls
 f - 2 scrolls of poison {unknown}
 j - 3 scrolls of teleportation {unknown}
 k - a scroll of fog {unknown}
 o - a scroll of butterflies {unknown}
 p - a scroll of enchant weapon {unknown}
 s - 4 scrolls of amnesia {unknown}
Potions
 b - a potion of magic
 c - a potion of ambrosia {unknown}
 g - a potion of attraction {unknown}
 i - a potion of invisibility {unknown}
 m - a potion of brilliance {unknown}
 n - a potion of cancellation {unknown}
 q - 5 potions of degeneration {unknown}
 r - 2 potions of heal wounds {unknown}
 v - a potion of might {unknown}


   Skills:
 + Level 2.1 Dodging
 + Level 2.0 Stealth
 * Level 4.3 Spellcasting
 * Level 1.5 Conjurations
 + Level 5.6 Necromancy


You had 7 spell levels left.
You knew the following spells:

 Your Spells              Type           Power      Damage    Failure   Level
a - Necrotise             Necr           100%       1d9       1%          1
b - Magic Dart            Conj           36%        1d4       7%          1
c - Vampiric Draining     Necr           25%        2d7       4%          3

Your spell library contained the following spells:

 Spells                   Type           Power      Damage    Failure   Level
 Searing Ray              Conj           18%        2d5       11%         2
 Animate Dead             Necr           25%        N/A       13%         4
 Agony                    Necr           25%        N/A       36%         5
 Fulminant Prism          Conj/Hex       3%         3d5       67%         4
 Animate Armour           Summ/Erth      8%         N/A       80%         4
 Summon Lightning Spire   Summ/Air       4%         N/A       80%         4
 Lee's Rapid Deconstruct  Erth           2%         3d4*      98%         5


Dungeon Overview and Level Annotations

Branches:
Dungeon (4/15)
 Temple: D:4-7

Altars:
Xom

Annotations:
D:2 Sigmund


Innate Abilities, Weirdness & Mutations

Spells you cast may paralyse adjacent enemies.


Message History

a +0 short sword; 5 stones; a kobold corpse
q - 5 sapphire potions (gained 2)
There is a stone staircase leading down here.
s - 4 scrolls labelled SILOH ZUCIARCHI (gained 3)
You see here a +0 robe.
Found a large rock and 4 stones.
An orc wizard, an orc warrior, an orc priest and 2 orcs come into view.
Found 10 gold pieces.
The orc shouts!
The orc warrior shouts!
An orc comes into view. It is wielding a +0 hand axe.
The orc wizard moves out of view.
The orc shouts!
You hear a shout! x2; You hear an angry hiss.
The orc wizard casts a spell.
The orc wizard flickers and vanishes!
Deactivating autopickup; reactivate with Ctrl-A.
A ball python comes into view.
There is a stone staircase leading up here.
You closely miss the orc. The orc barely misses you.
The orc closely misses you.
You hit the orc.
The orc is poisoned.
The orc is almost dead.
You kill the orc!
You hear some strange, mumbled words.
You are confused.
You hear some strange, mumbled words.
You are more confused.
In your confused state, you trip and fall back down the stairs.
You bump into the rock wall.
The orc warrior hits you with a +0 broad axe!
You're too confused to move!
The orc warrior hits you with a +0 broad axe!
A magic dart appears from out of thin air!
The magic dart hits you!
* * * LOW HITPOINT WARNING * * *
Okay, then.
The orc warrior attacks as you move away!
The orc warrior closely misses you.
The orc warrior attacks as you move away!
The orc warrior hits you with a +0 broad axe!
You die...

#.# #^.#.###### #.#
#.......... #.#
#.##.......
##.######.##.######
#####............# #
#.<.............## ##
#)###.o######.#.# #. #.#
#o..........## #.
#o###.@.###..#...# #.
########.......# #......#
#.
.........##.##.###.###.##
##. ####.##..##.##.....#
#.#####..
...........####.###
#........ ##.######..#
#.# #######..
#..####.#### ##. ##
#.o#.......# #. .$
#{.#.......#########.


You could see an orc warrior and an orc.

Vanquished Creatures
  A bullfrog (D:3)
  A crimson imp (D:3)
  A hound (D:4)
  A jelly (D:4)
  4 adders
  An orc (D:4)
  5 bats
  6 endoplasms
  3 giant cockroaches
  6 goblins
  3 hobgoblins
  5 kobolds
  2 quokkas (D:1)
  2 ball pythons
  2 frilled lizards
  4 hobgoblin zombies (D:3)
  A kobold skeleton (D:3)
  A kobold zombie (D:3)
  An orc skeleton (D:3)
  3 rats
53 creatures vanquished.

Vanquished Creatures (collateral kills)
  A ball python (D:1)
  An endoplasm (D:1)
2 creatures vanquished.

Grand Total: 55 creatures vanquished

Notes
Turn   | Place    | Note
-------+----------+-------------------------------------------
     0 | D:1      | bobarctor the Demonspawn Necromancer began the quest for
                  | the Orb.
     0 | D:1      | Reached XP level 1. HP: 13/13 MP: 3/3
   224 | D:1      | Gained mutation: Spells you cast may paralyse adjacent
                  | enemies. [demonic ancestry]
   224 | D:1      | Reached XP level 2. HP: 19/19 MP: 0/5
   350 | D:1      | Learned a level 1 spell: Magic Dart
   914 | D:2      | Reached XP level 3. HP: 18/24 MP: 0/6
  1210 | D:2      | Noticed Sigmund
  1357 | D:2      | Reached skill level 5 in Necromancy
  1565 | D:3      | Found a shimmering altar of Xom.
  1612 | D:3      | Noticed a bullfrog
  1620 | D:3      | Killed a bullfrog
  1621 | D:3      | Reached skill level 1 in Conjurations
  1621 | D:3      | Reached XP level 4. HP: 11/30 MP: 0/9
  1625 | D:3      | Learned a level 3 spell: Vampiric Draining
  1865 | D:3      | Reached XP level 5. HP: 35/35 MP: 8/10
  2648 | D:4      | Noticed an orc warrior
  2679 | D:4      | Slain by an orc warrior

Illustrated notes

Levels and vault maps discovered:
D:1:      matt_arrival_grand_opening, layout_basic
D:2:      layout_loops_ring, hellmonk_ecumenical_altar_blasted, st_stairs_8,
          corexii_corridor_pit, minmay_between, uniq_sigmund
D:3:      layout_rooms, mainiacjoe_overflow_alcove_2,
          nicolae_tso_besieged_by_evil
D:4:      layout_loops_ring, mainiacjoe_overflow_alcove_1,
          guppyfry_early_orc_mine

Skill      XL: |  1  2  3  4  5 |
---------------+----------------+-----
Dodging        | 2 |  2.1
Necromancy     | 5 |  5.6
Spellcasting   | 3 4 |  4.3
Conjurations   | 1 |  1.5
Stealth        | 2 |  2.0

Action                     |  1- 3 |  4- 6 || total
---------------------------+-------+-------++-------
  Melee: Hand axe          |     5 |    31 ||    36
         Whip              |       |     6 ||     6
   Cast: Necrotise         |    56 |    20 ||    76
   Stab: Paralysed         |     1 |       ||     1
         Sleeping          |       |     1 ||     1
 Armour: Robe              |     3 |     6 ||     9
  Dodge: Dodged            |     6 |    23 ||    29

Table legend: (Time is in decaauts)
 A = Elapsed time spent in this place.
 B = Non-inter-level travel time spent in this place.
 C = Inter-level travel time spent in this place.
 D = Time resting spent in this place.
 E = Time spent auto-exploring this place.
 F = Levels seen in this place.
 G = Mean time per level.
                   A        B        C        D        E       F      G
               +--------+--------+--------+--------+--------+-----+--------+
         Total |   2688 |   2641 |     47 |    334 |   1661 |   4 |  672.0 |
       Dungeon |   2688 |   2641 |     47 |    334 |   1661 |   4 |  672.0 |
               +--------+--------+--------+--------+--------+-----+--------+

Top non-repeatable levels by time:
     D:1: 960 daAuts
     D:3: 847 daAuts
     D:2: 480 daAuts
     D:4: 399 daAuts
